 Dungeon Crawl Stone Soup version 0.30.1-3-gfc49f6343a (webtiles) character file.

Game seed: 17602083547812928169

9473 Zeor the Skirmisher (level 11, -14/97 HPs)
             Began as a Minotaur Hunter on Aug 1, 2023.
             Was a Believer of the Shining One.
             Demolished by a two-headed ogre
             ... wielding a +0 giant spiked club
              (25 damage)
             ... on level 11 of the Dungeon.
             The game lasted 00:29:13 (9325 turns).

Zeor the Skirmisher (Minotaur Hunter)               Turns: 9325, Time: 00:29:13

Health: -14/97     AC:  6    Str: 17    XL:     11   Next: 23%
Magic:  14/14      EV: 16    Int:  2    God:    the Shining One [**....]
Gold:   362        SH:  0    Dex: 23    Spells: 10/10 levels left

rFire   . . .        b - +0 scimitar (freeze)
rCold   . . .        (no shield)
rNeg    + . .        i - +1 leather armour "Yroaf" {rPois Will+ Int-4}
rPois   +            (helmet restricted)
rElec   .            (no cloak)
rCorr   .            l - +1 pair of gloves
SInv    .            (no boots)
Will    ++...        u - amulet of regeneration
Stlth   +            h - +6 ring of dexterity
HPRegen 1.16/turn    F - ring of willpower
MPRegen 0.14/turn

%: no passive effects
@: glowing
A: horns 2, retaliatory headbutt
a: Renounce Religion, Divine Shield


You were on level 11 of the Dungeon.
You worshipped the Shining One.
The Shining One was pleased with you.
You visited 2 branches of the dungeon, and saw 12 of its levels.

You collected 663 gold pieces.
You spent 301 gold pieces at shops.

Inventory:

Hand Weapons
 a - a +1 shortbow of freezing
 b - a +0 scimitar of freezing (weapon)
 c - a +2 long sword of holy wrath
 B - a +2 broad axe of flaming
Missiles
 e - 14 javelins
 x - 5 curare-tipped darts
 D - a throwing net
 E - 2 silver javelins
Armour
 i - the +1 leather armour "Yroaf" (worn) {rPois Will+ Int-4}
   (You bought it in a shop on level 9 of the Dungeon)

   Int:       It affects your intelligence (-4).
   rPois:     It protects you from poison.
   Will:      It increases your willpower.
 l - a +1 pair of gloves (worn)
 v - a +0 scale mail of fire resistance
 C - +0 acid dragon scales
Jewellery
 h - a +6 ring of dexterity (left hand)
 r - a +6 ring of strength
 u - an amulet of regeneration (around neck)
 F - a ring of willpower (right hand)
 H - a ring of see invisible
Wands
 j - a wand of paralysis (8)
 t - a wand of acid (7)
 w - a wand of roots (15)
Scrolls
 f - 2 scrolls of summoning
 o - 2 scrolls of immolation
 p - a scroll of blinking
 y - a scroll of brand weapon
 A - 5 scrolls of teleportation
 G - a scroll of vulnerability
Potions
 d - 6 potions of curing
 g - a potion of flight
 k - a potion of ambrosia
 m - a potion of cancellation
 q - a potion of haste
 s - 2 potions of brilliance
 z - a potion of might
Miscellaneous
 n - a lightning rod (4/4)


   Skills:
 + Level 9.2 Fighting
 + Level 5.6 Long Blades
 + Level 13.5 Ranged Weapons
 + Level 5.4 Armour
 * Level 6.0 Dodging
 + Level 2.1 Stealth
 * Level 6.2 Invocations


You had 10 spell levels left.
You didn't know any spells.
Your spell library contained the following spells:

 Spells                   Type           Power      Damage    Failure   Level
 Apportation              Tloc           0%         N/A       61%         1
 Lesser Beckoning         Tloc           0%         N/A       75%         2
 Poisonous Vapours        Pois/Air       0%         N/A       75%         2
 Gell's Gravitas          Tloc           0%         N/A       93%         3
 Mephitic Cloud           Conj/Pois/Air  0%         N/A       93%         3
 Summon Guardian Golem    Hex/Summ       0%         N/A       93%         3
 Teleport Other           Tloc           0%         N/A       93%         3
 Olgreb's Toxic Radiance  Pois           0%         N/A       100%        4
 Alistair's Intoxication  Tmut/Pois      0%         N/A       100%        5
 Freezing Cloud           Conj/Ice/Air   0%         6-21      100%        5
 Orb of Destruction       Conj           0%         9d5       100%        7
 Spellforged Servitor     Conj/Summ      0%         N/A       100%        7
 Discord                  Hex            0%         N/A       100%        8
 Ignition                 Fire           0%         3d3       100%        8


Dungeon Overview and Level Annotations

Branches:
Dungeon (11/15)            Temple (1/1) D:6            Lair (0/5) D:11
    Orc (0/2) D:9

Altars:
Ashenzari
Cheibriados
Dithmenos
Elyvilon
Fedhas
Gozag
Hepliaklqana
Kikubaaqudgha
Makhleb
Nemelex Xobeh
Okawaru
Qazlal
Ru
Sif Muna
Trog
Uskayaw
Vehumet
Wu Jian
Xom
Yredelemnul
Zin
The Shining One

Shops:
D:6 !   D:9 [

Portals:
Trove: D:10 (give +6 fire dragon scales)

Annotations:
D:7 1 runed translucent door, Crazy Yiuf
D:11 3 runed translucent doors, TheDoctor's ghost, journeyman DrBe


Innate Abilities, Weirdness & Mutations

You have a pair of horns on your head.
You reflexively headbutt those who attack you in melee.


Message History

Your surroundings suddenly seem different.
Your +0 scimitar of freezing stops glowing.
Your +1 shortbow of freezing is covered in frost.
a - a +1 shortbow of freezing (weapon)
You start resting.
HP restored.
Found a club.
Found an escape hatch in the ceiling.
A two-headed ogre comes into view.
It is wielding a +0 giant spiked club and a +0 giant club.
The two-headed ogre hits you with a +0 giant spiked club!!
The two-headed ogre barely misses you.
Your +1 shortbow of freezing stops glowing.
Your +0 scimitar of freezing glows with a cold blue light!
b - a +0 scimitar of freezing (weapon)
You hit the two-headed ogre. You freeze the two-headed ogre.
You headbutt the two-headed ogre.
The two-headed ogre is lightly wounded.
The two-headed ogre hits you with a +0 giant spiked club!!
The two-headed ogre hits you with a +0 giant club!!
You hit the two-headed ogre. You freeze the two-headed ogre.
The two-headed ogre is lightly wounded.
The two-headed ogre completely misses you.
The two-headed ogre closely misses you.
You slash the two-headed ogre! You freeze the two-headed ogre.
The two-headed ogre is moderately wounded.
You hit the two-headed ogre. You freeze the two-headed ogre.
You headbutt the two-headed ogre.
The two-headed ogre is heavily wounded.
The two-headed ogre misses you.
The two-headed ogre completely misses you.
You slash the two-headed ogre! You freeze the two-headed ogre!
The two-headed ogre is almost dead.
The two-headed ogre hits you with a +0 giant spiked club!!
* * * LOW HITPOINT WARNING * * *
The two-headed ogre barely misses you.
You completely miss the two-headed ogre.
Your headbutt misses the two-headed ogre.
The two-headed ogre is almost dead.
The two-headed ogre hits you with a +0 giant spiked club!!
You die...

▒▒▒▒▒▒▒▒▒▒▒▒▒▒▒▒▒▒▒▒
∙∙∙∙∙∙∙∙∙∙∙∙∙∙∙∙∙∙∙▒
∙∙∙∙∙∙∙∙∙∙∙∙∙∙∙OH∙∙▒
∙∙∙∙∙∙∙∙∙)∙∙∙∙▒▒▒∙∙▒
∙∙∙∙?∙∙∙∙∙∙∙∙∙▒ ▒∙∙▒
∙∙∙∙∙∙∙∙∙∙∙∙∙∙▒ ▒∙∙▒
∙>∙∙∙∙∙∙∙∙∙∙∙∙▒▒▒∙∙▒
∙∙∙∙▒ ▒∙∙∙∙∙∙∙∙∙∙∙▒
∙∙∙∙∙∙∙∙∙∙∙∙∙∙∙∙∙∙∙▒
∙∙∙∙∙∙<∙∙∙∙∙∙∙∙∙(∙∙▒
∙∙∙∙∙∙∙∙∙∙∙∙∙∙∙∙∙∙∙▒


You could see a two-headed ogre.

Vanquished Creatures
  3 two-headed ogres
  Pikel (D:7)
  A deep elf pyromancer (D:10)
  2 cyclopes (D:11)
  A gargoyle (D:7)
  An unseen horror (D:11)
  Maggie (D:8)
  A guardian mummy (D:10)
  2 hornets (D:9)
  A troll (D:11)
  Prince Ribbit (D:7)
  Sigmund (D:5)
  5 yaks (D:10)
  3 wraiths
  Menkaure (D:5)
  A water moccasin (D:9)
  Duvessa (D:7)
  A sky beast (D:7)
  2 orc warriors
  3 ogres (D:4)
  2 centaurs (D:8)
  A phantom (D:6)
  A gnoll sergeant (D:10)
  2 bullfrogs
  2 scorpions
  7 wights
  Dowan (D:7)
  8 howler monkeys
  A hound (D:7)
  5 orc priests
  2 iguanas
  3 jellies (D:4)
  A gnoll bouda (D:9)
  8 orc wizards
  8 gnolls
  11 adders
  A white imp (D:7)
  An ufetubus (D:7)
  6 dart slugs
  39 orcs
  7 ball pythons
  3 endoplasms
  8 giant cockroaches
  6 goblins
  8 hobgoblins
  4 jackals (D:2)
  A quokka (D:1)
  3 bats
  2 frilled lizards
  10 kobolds
  6 rats
201 creatures vanquished.

Vanquished Creatures (collateral kills)
  A dart slug (D:1)
1 creature vanquished.

Grand Total: 202 creatures vanquished

Notes
Turn   | Place    | Note
-------+----------+-------------------------------------------
     0 | D:1      | Zeor the Minotaur Hunter began the quest for the Orb.
     0 | D:1      | Reached XP level 1. HP: 18/18 MP: 0/0
   128 | D:1      | Reached XP level 2. HP: 25/25 MP: 1/1
   231 | D:1      | Reached skill level 5 in Ranged Weapons
   550 | D:1      | Reached XP level 3. HP: 30/30 MP: 2/2
   876 | D:2      | Found a faded altar of an unknown god.
  1177 | D:2      | Reached XP level 4. HP: 33/37 MP: 3/3
  1597 | D:3      | Reached skill level 6 in Ranged Weapons
  2176 | D:4      | Reached skill level 1 in Stealth
  2176 | D:4      | Reached XP level 5. HP: 35/45 MP: 4/4
  2268 | D:4      | Noticed an ogre
  2270 | D:4      | Noticed an ogre
  2358 | D:4      | Found a shimmering altar of Xom.
  2547 | D:4      | Killed an ogre
  2548 | D:4      | Reached skill level 1 in Armour
  2548 | D:4      | Reached XP level 6. HP: 28/52 MP: 5/5
  2560 | D:4      | Reached skill level 7 in Ranged Weapons
  2707 | D:4      | Found a bloodstained altar of Trog.
  2790 | D:4      | Reached XP level 7. HP: 59/59 MP: 6/6
  2974 | D:5      | Entered Level 5 of the Dungeon
  3119 | D:5      | Noticed Menkaure
  3125 | D:5      | Killed Menkaure
  3126 | D:5      | Reached skill level 8 in Ranged Weapons
  3228 | D:5      | Reached skill level 1 in Long Blades
  3418 | D:5      | Found a sparkling altar of Nemelex Xobeh.
  3633 | D:5      | Found a white marble altar of Elyvilon.
  3636 | D:5      | Noticed Sigmund
  3648 | D:5      | Killed Sigmund
  3649 | D:5      | Reached XP level 8. HP: 62/67 MP: 7/7
  4085 | D:6      | Reached skill level 9 in Ranged Weapons
  4289 | D:6      | Found a staircase to the Ecumenical Temple.
  4314 | Temple   | Entered the Ecumenical Temple
  4385 | Temple   | Became a worshipper of the Shining One
  4676 | D:6      | Found a burning altar of Makhleb.
  4871 | D:6      | Found Buixzit's Distillery.
  4879 | D:6      | Bought a potion of lignification for 33 gold pieces
  4879 | D:6      | Bought 2 potions of lignification for 66 gold pieces
  4879 | D:6      | Bought a potion of curing for 33 gold pieces
  4986 | D:7      | Noticed Prince Ribbit
  4991 | D:7      | Killed Prince Ribbit
  4992 | D:7      | Reached skill level 5 in Fighting
  4992 | D:7      | Reached skill level 1 in Invocations
  5145 | D:7      | Noticed a gargoyle
  5158 | D:7      | Killed a gargoyle
  5159 | D:7      | Reached skill level 10 in Ranged Weapons
  5221 | D:7      | Noticed Duvessa
  5224 | D:7      | Noticed Dowan
  5227 | D:7      | Killed Duvessa
  5241 | D:7      | Killed Dowan
  5264 | D:7      | Found an iron altar of Okawaru.
  5288 | D:7      | Reached skill level 5 in Dodging
  5288 | D:7      | Reached XP level 9. HP: 61/75 MP: 9/9
  5521 | D:7      | Noticed Pikel
  5531 | D:7      | Killed Pikel
  5532 | D:7      | Reached skill level 11 in Ranged Weapons
  5647 | D:7      | Found a runed translucent door.
  5648 | D:7      | Noticed Crazy Yiuf
  6105 | D:8      | Reached * piety under the Shining One
  6260 | D:8      | Noticed Maggie
  6277 | D:8      | Killed Maggie
  6692 | D:9      | Paralysed by a hornet for 3 turns
  6802 | D:9      | Reached XP level 10. HP: 86/86 MP: 12/12
  6847 | D:9      | Noticed a two-headed ogre
  6852 | D:9      | Killed a two-headed ogre
  6853 | D:9      | Reached skill level 12 in Ranged Weapons
  6925 | D:9      | Paralysed by a hornet for 2 turns
  6988 | D:9      | Found a staircase to the Orcish Mines.
  7127 | D:9      | Noticed an animated plate armour
  7132 | D:9      | Found Hyaf's Armour Emporium.
  7133 | D:9      | Noticed an animated pearl dragon scales
  7139 | D:9      | Bought the +1 leather armour "Yroaf" {rPois Will+ Int-4}
                  | for 169 gold pieces
  7407 | D:10     | Entered Level 10 of the Dungeon
  7436 | D:10     | Noticed a two-headed ogre
  7445 | D:10     | The Shining One protects you from harm!
  7445 | D:10     | HP: 2/88 [two-headed ogre/+0 giant spiked club (8)]
  7446 | D:10     | Killed a two-headed ogre
  7447 | D:10     | Reached skill level 5 in Invocations
  7577 | D:10     | Noticed a deep elf pyromancer
  7596 | D:10     | HP: 2/88 [deep elf pyromancer/bolt of fire (28)]
  7599 | D:10     | Killed a deep elf pyromancer
  7724 | D:10     | Noticed a two-headed ogre
  7730 | D:10     | Killed a two-headed ogre
  7731 | D:10     | Reached skill level 13 in Ranged Weapons
  7731 | D:10     | Reached skill level 5 in Armour
  7847 | D:10     | Reached ** piety under the Shining One
  7963 | D:10     | Reached skill level 5 in Long Blades
  8161 | D:10     | Reached XP level 11. HP: 95/95 MP: 14/14
  8314 | D:10     | Found a portal to a secret trove of treasure.
  8568 | D:11     | Found a runed translucent gate.
  8569 | D:11     | Found a runed translucent gate.
  8570 | D:11     | Found a runed translucent gate.
  8575 | D:11     | Noticed TheDoctor's ghost (journeyman DrBe)
  8583 | D:11     | Identified a scroll of acquirement
  8583 | D:11     | Acquired a +2 long sword of holy wrath
  8902 | D:11     | Found a staircase to the Lair.
  9181 | D:11     | Noticed a boulder beetle
  9317 | D:11     | Noticed a two-headed ogre
  9325 | D:11     | Demolished by a two-headed ogre

Illustrated notes

Levels and vault maps discovered:
D:1:      dpeg_arrival_more_subterranean_lakeside_camping, layout_basic,
          minmay_tromino_v4_b
D:2:      layout_basic, dreamdust_ecumenical_altar_statues, serial_bayou_pond_c
D:3:      minmay_angry_zag, layout_basic
D:4:      layout_cave_pools, xom_teletrap_fun, kennysheep_little_box
D:5:      layout_cave_pods, nemelex_xobeh_ov_fountains_minmay, elyvilon_altar_3,
          minmay_misc_feat_rows, roderic_lattice_a, uniq_sigmund, uniq_menkaure
D:6:      layout_gridville, mainiacjoe_overflow_24_doors, temple_pool_b,
          serial_shops, nicolae_shop_industrial_runoff, serial_glass,
          glass_columns_b, glass_columns_c
D:7:      layout_loops_cross, mainiacjoe_overflow_catwalk,
          dreamdust_mushroom_princess, minmay_tree_intersection,
          minmay_misc_feat_alley, uniq_duvessa, uniq_crazy_yiuf_cottage,
          uniq_prince_ribbit1, uniq_pikel
D:8:      layout_basic, uniq_maggie
D:9:      layout_roguey, orc_0_dummy, serial_shops, nicolae_shop_mannequins,
          nicolae_titane
D:10:     layout_irregular_city, nicolae_trove_entry_path_of_doom
D:11:     layout_stronghold, dpeg_oklobed_lair, gammafunk_ghost_necromancy
Temple:   nicolae_temple_x_marks_the_god

Skill      XL: |  1  2  3  4  5  6  7  8  9 10 11 |
---------------+----------------------------------+-----
Ranged Weapons | 5 6 7 8 10 11 13 | 13.5
Fighting       | 3 4 5 7 8 9 |  9.2
Stealth        | 1 2 |  2.1
Dodging        | 3 4 5 6 |  6.0
Armour         | 1 2 3 4 5 |  5.4
Long Blades    | 1 2 4 5 |  5.6
Invocations    | 2 4 5 6 |  6.2

Action                     |  1- 3 |  4- 6 |  7- 9 | 10-12 || total
---------------------------+-------+-------+-------+-------++-------
  Melee: Long sword        |       |     5 |    56 |    20 ||    81
         Headbutt          |       |     2 |    13 |    14 ||    29
         Scimitar          |       |       |       |    36 ||    36
         Punch             |       |       |       |     1 ||     1
   Fire: Shortbow          |    96 |   105 |   211 |   153 ||   565
 Invoke: Divine Shield     |       |       |       |     1 ||     1
    Use: Scroll            |     3 |     5 |     9 |    10 ||    27
         Potion            |       |       |     4 |     3 ||     7
 Armour: Leather armour    |     3 |     2 |    10 |    10 ||    25
         Acid dragon scale |       |       |     1 |     5 ||     6
  Dodge: Dodged            |    31 |    12 |    69 |    71 ||   183
  Block: Other             |       |       |       |     3 ||     3
